 Dungeon Crawl Stone Soup version 0.31-a0-523-g071a6c1ffa (webtiles) character file.

Game seed: 13330068416869492321

9 BritishOli the Trooper (level 2, -10/24 HPs)
             Began as a Demonspawn Fighter on Aug 11, 2023.
             Mangled by a goblin
             ... wielding a +2 dagger of electrocution
              (15 damage)
             ... on level 1 of the Dungeon.
             The game lasted 00:00:12 (453 turns).

BritishOli the Trooper (Demonspawn Fighter)          Turns: 453, Time: 00:00:14

Health: -10/24     AC:  7    Str: 16    XL:     2   Next: 3%
Magic:  2/2        EV:  8    Int:  9    God:
Gold:   35         SH:  4    Dex: 12    Spells: 1/1 levels left

rFire   . . .        a - +0 war axe
rCold   . . .        c - +0 buckler
rNeg    . . .        b - +0 scale mail
rPois   .            (no helmet)
rElec   .            (no cloak)
rCorr   .            (no gloves)
SInv    .            (no boots)
Will    .....        (no amulet) Stlth
                     (no ring)
HPRegen 0.24/turn    (no ring)
MPRegen 0.08/turn

%: no passive effects
@: no status effects
A: sharp scales 1
a: no special abilities


You were on level 1 of the Dungeon.
You visited 1 branch of the dungeon, and saw 1 of its levels.

You collected 35 gold pieces.

Inventory:

Hand Weapons
 a - a +0 war axe (weapon)
Armour
 b - a +0 scale mail (worn)
 c - a +0 buckler (worn)
Scrolls
 e - a scroll of identify {unknown}
Potions
 d - a potion of might


   Skills:
 + Level 3.1 Fighting
 + Level 2.0 Axes
 + Level 2.8 Armour
 + Level 2.8 Shields


You had one spell level left.
You didn't know any spells.
Your spell library was empty.

Dungeon Overview and Level Annotations

Branches:
Dungeon (1/15)

Altars:


Innate Abilities, Weirdness & Mutations

You are partially covered in razor-sharp scales. (AC +1, Slay +1)


Message History

The jackal bites you but does no damage. x2
You closely miss the jackal.
The jackal is lightly wounded.
The jackal bites you but does no damage.
The jackal bites you.
You barely miss the jackal.
The jackal is lightly wounded.
The jackal bites you but does no damage. x2
You closely miss the jackal.
The jackal is lightly wounded.
The jackal bites you but does no damage. x2
You slash the jackal!
You kill the jackal!
You have reached level 2!
Your demonic ancestry asserts itself...
Sharp scales grow over part of your body.
You barely miss the goblin.
The goblin hits you with a +2 dagger of electrocution.
The goblin hits you but does no damage.
You closely miss the goblin. The goblin hits you but does no damage.
You hit the goblin.
The goblin is heavily wounded.
The goblin closely misses you. The goblin hits you but does no damage.
You closely miss the goblin.
The goblin is heavily wounded.
The goblin hits you with a +2 dagger of electrocution.
* * * LOW HITPOINT WARNING * * *
You barely miss the goblin.
The goblin is heavily wounded.
You block the goblin's attack. The goblin closely misses you.
You barely miss the goblin.
The goblin is heavily wounded.
The goblin barely misses you.
You barely miss the goblin.
The goblin is heavily wounded.
The goblin hits you with a +2 dagger of electrocution.
* * * LOW HITPOINT WARNING * * *
You are electrocuted!
Ouch! That really hurt!
You die...

......# #........# ...#
......# #........+ ..~♣♣
......# #........# .~~♣≈♣
..###.# #........+ ♣♣~~~
..###'#### #........# ♣≈~~~
..#......# #........# ♣≈~~~
..#......# #..JK...+ ♣♣~~~
..#......# ##.#g#### ♣≈~~<
##......# #.#@# .. ♣≈~~~
#.......# #.#.####.... ♣≈~~~
#.......# #.#......... ♣♣~~~
#.......# #.#..########. ≈~~~
#.....### #.#..#........
~~≈≈≈ #.....#
#....'..........~♣♣♣
#.....############........###
#................'..(.....
##################........


You could see an endoplasm, a goblin and a kobold.

Vanquished Creatures
  3 endoplasms (D:1)
  A giant cockroach (D:1)
  2 jackals (D:1)
  A rat (D:1)
7 creatures vanquished.

Notes
Turn   | Place    | Note
-------+----------+-------------------------------------------
     0 | D:1      | BritishOli the Demonspawn Fighter began the quest for the
                  | Orb.
     0 | D:1      | Reached XP level 1. HP: 18/18 MP: 1/1
   447 | D:1      | Gained mutation: You are partially covered in razor-sharp
                  | scales. (AC +1, Slay +1) [demonic ancestry]
   447 | D:1      | Reached XP level 2. HP: 10/24 MP: 2/2
   453 | D:1      | Mangled by a goblin

Illustrated notes

Levels and vault maps discovered:
D:1:      reono_arrival_forest_river, layout_basic, wad_floor_pattern_untrapped

Skill      XL: |  1 |
---------------+----+-----
Axes           | 2 |  2.0
Fighting       | |  3.1
Armour         | |  2.8
Shields        | |  2.8

Action                     || total
---------------------------++-------
  Melee: War axe           ||    23
 Armour: Scale mail        ||    20
  Dodge: Dodged            ||     9
  Block: Buckler           ||     4

Table legend: (Time is in decaauts)
 A = Elapsed time spent in this place.
 B = Non-inter-level travel time spent in this place.
 C = Inter-level travel time spent in this place.
 D = Time resting spent in this place.
 E = Time spent auto-exploring this place.
 F = Levels seen in this place.
 G = Mean time per level.
                   A        B        C        D        E       F      G
               +--------+--------+--------+--------+--------+-----+--------+
         Total |    465 |    465 |      0 |      0 |    402 |   1 |  465.0 |
       Dungeon |    465 |    465 |      0 |      0 |    402 |   1 |  465.0 |
               +--------+--------+--------+--------+--------+-----+--------+

Top non-repeatable levels by time:
     D:1: 465 daAuts
